 Dungeon Crawl Stone Soup version 0.17-a0-1332-g9db7d08 (webtiles) character file.

3697 1100001001 the Cruncher (level 9, -1/57 HPs)
             Began as a Mummy Necromancer on June 9, 2015.
             Was an Initiate of Gozag.
             Slain by a komodo dragon (27 damage)
             ... on level 8 of the Dungeon on June 10, 2015.
             The game lasted 00:51:09 (16180 turns).

1100001001 the Cruncher (Mummy Necromancer)        Turns: 16180, Time: 00:51:09

Health: -1/57      AC:  8    Str: 12    XL:     9   Next: 90%
Magic:  2/12       EV: 11    Int: 17    God:    Gozag
Gold:   787        SH:  0    Dex: 12    Spells: 4 memorised, 3 levels left

rFire  x . .     SeeInvis .     k - +1 quarterstaff
rCold  + . .     Clarity  .     t - +2 leather armour {rN+}
rNeg   + + +     SustAt   .     (no shield)
rPois  ∞         Gourm    .     i - +0 helmet
rElec  .         Spirit   .     (no cloak)
rCorr  .         Warding  .     (no gloves)
rMut   +         Stasis   .     q - +1 pair of boots
MR     +....                    n - amulet of resist mutation
Stlth  +.........               (no ring)
                                (no ring)

@: somewhat resistant to hostile enchantments, very unstealthy
A: no food or potions, fire vulnerability, cold resistance 1, negative energy
resistance 3, torment resistance, unbreathing
a: Potion Petition, Call Merchant, Bribe Branch, Renounce Religion


You were on level 8 of the Dungeon.
You worshipped Gozag.
Gozag was noncommittal.
You were not hungry.

You visited 2 branches of the dungeon, and saw 10 of its levels.

You collected 887 gold pieces.
You paid 100 gold pieces to Gozag.


Innate Abilities, Weirdness & Mutations

You do not eat or drink.
Your flesh is vulnerable to fire.
You are immune to poison.
Your flesh is cold resistant.
You are immune to negative energy.
You are immune to unholy pain and torment.
You can survive without breathing.


   Skills:
 + Level 10.0 Staves
 - Level 1.5 Dodging
 - Level 1.5 Stealth
 - Level 2.0 Spellcasting
 - Level 8.7 Necromancy


You had 3 spell levels left.
You knew the following spells:

 Your Spells              Type           Power        Failure   Level  Hunger
a - Pain                  Necr           ####         1%          1    N/A
b - Animate Skeleton      Necr           N/A          1%          1    N/A
c - Control Undead        Necr           ####......   10%         4    N/A
d - Vampiric Draining     Necr           ####......   1%          3    N/A

Inventory:

Hand weapons
 k - a +1 quarterstaff (weapon)
Missiles
 f - 2 throwing nets {=f}
Armour
 a - a +0 robe
 i - a +0 helmet (worn)
 q - a +1 pair of boots (worn)
 t - a +2 leather armour of positive energy (worn)
Jewellery
 g - an uncursed amulet of faith {!P}
 n - an amulet of resist mutation (around neck)
 s - a +6 ring of protection {unknown}
Magical devices
 l - a wand of frost (32)
 p - a wand of fireball (0)
 r - a wand of draining (0)
Scrolls
 c - a scroll of recharging
 d - 2 scrolls of teleportation {@r4}
 e - 6 scrolls of remove curse
 h - 6 scrolls of magic mapping
 m - a scroll of immolation {!r}
 o - a scroll of vulnerability {!r}
 u - a scroll of enchant armour {unknown}
Books
 b - a book of Necromancy

   Spells                             Type                      Level
   a - Pain                           Necromancy                   1
   b - Animate Skeleton               Necromancy                   1
   c - Vampiric Draining              Necromancy                   3
   d - Regeneration                   Charms/Necromancy            3
   e - Animate Dead                   Necromancy                   4
   f - Control Undead                 Necromancy                   4
 j - a book of the Tempests

   Spells                             Type                      Level
   a - Static Discharge               Conjuration/Air              3
   b - Lightning Bolt                 Conjuration/Air              5
   c - Fireball                       Conjuration/Fire             5
   d - Tornado                        Air                          9
   e - Shatter                        Earth                        9

Dungeon Overview and Level Annotations

Branches:
Dungeon (9/15)             Temple (1/1) D:7            Lair (0/8) D:9
    Orc: D:9-12

Altars:
Ashenzari
Cheibriados
Dithmenos
Elyvilon
Fedhas
Gozag
Kikubaaqudgha
Makhleb
Nemelex Xobeh
Okawaru
Qazlal
Ru
Sif Muna
Vehumet
Xom
Yredelemnul
Zin
The Shining One

Shops:
D:7 [

Annotations:
D:3 ohyou's ghost, average TeFi
D:5 Sigmund
D:8 exclusions: brain worm and worm

▒▒....▒▒ ▒▒......▒
▒▒.......▒▒▒
▒▒....▒▒....▒▒
▒....▒▒▒▒▒.>.▒▒
▒▒...▒▒ ▒▒▒..▒
▒▒▒....▒ ▒▒.▒▒
......▒▒ ▒..▒
......▒ ▒M▒▒
.....▒▒ ▒l▒ .....▒
▒▒▒▒▒▒O▒
....O▒▒▒▒▒▒..O...▒
......▒▒........▒▒
............▒▒▒▒▒
▒.........▒▒▒
▒▒▒.......▒
▒▒......▒


You could see a komodo dragon and an ogre.


Message History

The giant gecko closely misses you.
There is a stone staircase leading up here.
The komodo dragon bites you!!
* * * LOW HITPOINT WARNING * * *
You climb upwards.
Level annotation: exclusions: brain worm and worm
There is a stone staircase leading down here.
Unknown command.
The komodo dragon hisses menacingly.
Aiming: Vampiric Draining
Aim: a komodo dragon (severely wounded)
You miscast Vampiric Draining.
You are very lightly contaminated with residual magic.
Strange energies run through your body. The komodo dragon closely misses you.
An ogre comes into view. It is wielding a giant club.
The ogre completely misses you.
Aiming: Vampiric Draining
Aim: a komodo dragon (heavily wounded)
The komodo dragon is almost dead.
You feel life coursing into your body. The komodo dragon bites you.
* * * LOW HITPOINT WARNING * * *
There is a stone staircase leading down here.
Your magical contamination has completely faded away.
Aiming: Vampiric Draining
Aim: a komodo dragon (heavily wounded)
The komodo dragon is severely wounded.
You feel life coursing into your body. The komodo dragon bites you!!
You die...
Your body crumbles into a pile of gold.

Action                   |  1- 3 |  4- 6 |  7- 9 || total
-------------------------+-------+-------+-------++-------
Melee: Short sword       |    23 |     9 |       ||    32
       Quarterstaff      |       |    42 |   399 ||   441
 Cast: Pain              |    56 |   115 |   355 ||   526
       Animate Skeleton  |    10 |     9 |       ||    19
       Animate Dead      |       |    10 |    25 ||    35
       Vampiric Draining |       |       |     7 ||     7
       Control Undead    |       |       |     2 ||     2
Invok: Potion Petition   |       |       |     1 ||     1
Evoke: Wand              |       |       |     5 ||     5
  Use: Scroll            |       |     4 |    12 ||    16
 Stab: Distracted        |     1 |       |       ||     1
       Sleeping          |       |     3 |     2 ||     5

Vault maps used:
D:1:      evilmike_arrival_plus, serial_forest, infiniplex_forest_corner_1,
          infiniplex_forest_clump_small, infiniplex_forest_lined_room_2,
          infiniplex_forest_straight_4, infiniplex_forest_clump_curved,
          infiniplex_forest_join, infiniplex_forest_end_3,
          infiniplex_forest_lined_room_2, minmay_misc_feat_x
D:2:      grunt_dithmenos_smoke_and_mirrors,
          nicolae_ru_great_annihilating_truth, uniq_iyjb, uniq_terence
D:3:      kiku_gazebo_pond_becter, tgw_trog, minivault_23
D:4:      ashenzari_conservatory_becter, first_bread
D:5:      kennysheep_mini_moat, nicolae_underground_beach, uniq_sigmund
D:6:      okawaru_ov_weapons_minmay
D:7:      nicolae_overflow_hidden_temple, minmay_temple_entry_butterflies,
          serial_shops, kennysheep_little_box
D:8:      gammafunk_temple_overflow_statue, worms_lemuel
D:9:      lemuel_crystal_altar, erik_lair_dragon
Temple:   minmay_temple_curvy_8

Notes
Turn   | Place    | Note
--------------------------------------------------------------
     0 | D:1      | 1100001001 the Mummy Necromancer began the quest for the Orb.
     0 | D:1      | Reached XP level 1. HP: 13/13 MP: 3/3
   152 | D:1      | Learned a level 1 spell: Animate Skeleton
   345 | D:1      | Reached XP level 2. HP: 16/19 MP: 1/5
  1030 | D:1      | Reached skill level 5 in Necromancy
  1033 | D:1      | Reached XP level 3. HP: 24/24 MP: 3/6
  1348 | D:2      | Noticed Ijyb
  1463 | D:2      | Found a sacrificial altar of Ru.
  1527 | D:2      | Reached XP level 4. HP: 28/30 MP: 4/7
  1666 | D:2      | Reached skill level 6 in Necromancy
  1715 | D:2      | Found a shadowy altar of Dithmenos.
  1971 | D:2      | Killed Ijyb
  1971 | D:2      | Reached XP level 5. HP: 30/35 MP: 1/8
  2105 | D:2      | Noticed Terence
  2112 | D:2      | Killed Terence
  2165 | D:2      | Your ally Ijyb died
  2625 | D:3      | Learned a level 4 spell: Animate Dead
  2703 | D:3      | Noticed ohyou's ghost (average TeFi)
  3116 | D:3      | Found an ancient bone altar of Kikubaaqudgha.
  3373 | D:3      | Reached skill level 7 in Necromancy
  3848 | D:4      | Reached XP level 6. HP: 32/41 MP: 0/9
  4411 | D:4      | Reached skill level 8 in Necromancy
  5009 | D:4      | Found a shattered altar of Ashenzari.
  5363 | D:4      | Reached XP level 7. HP: 46/46 MP: 5/10
  5433 | D:5      | Entered Level 5 of the Dungeon
  6047 | D:5      | Reached skill level 1 in Staves
  6329 | D:5      | Reached skill level 2 in Staves
  6411 | D:5      | Found a deep blue altar of Sif Muna.
  6881 | D:5      | Reached skill level 3 in Staves
  6939 | D:5      | Noticed Sigmund
  7992 | D:6      | Reached skill level 4 in Staves
  7992 | D:6      | Reached XP level 8. HP: 52/52 MP: 2/11
  8436 | D:6      | Reached skill level 5 in Staves
  8575 | D:6      | Found an iron altar of Okawaru.
  9267 | D:6      | Reached skill level 6 in Staves
  9961 | D:7      | Found a staircase to the Ecumenical Temple.
  9970 | Temple   | Entered the Ecumenical Temple
 10101 | Temple   | Became a worshipper of Gozag Ym Sagoz the Greedy
 10309 | D:7      | Found Eprut's Armour Shop.
 10458 | D:7      | Learned a level 3 spell: Vampiric Draining
 10717 | D:7      | Found a white marble altar of Elyvilon.
 10965 | D:7      | Reached skill level 7 in Staves
 12412 | D:8      | Reached XP level 9. HP: 44/57 MP: 12/12
 12791 | D:8      | Upgraded the game from 0.17-a0-1322-g2a080e7 to 0.17-a0-1332-g9db7d08
 12886 | D:8      | Reached skill level 8 in Staves
 13140 | D:8      | HP: 5/57 [acid (9)]
 14455 | D:8      | Found a stormy altar of Qazlal.
 14458 | D:8      | Found a glowing silver altar of Zin.
 14836 | D:8      | Reached skill level 9 in Staves
 15214 | D:9      | Identified a scroll of acquirement
 15221 | D:9      | Learned a level 4 spell: Control Undead
 15618 | D:9      | Found a shimmering altar of Xom.
 16051 | D:9      | Found a staircase to the Lair.
 16062 | D:9      | Reached skill level 10 in Staves
 16066 | D:9      | Noticed a komodo dragon
 16180 | D:8      | Slain by a komodo dragon

Vanquished Creatures
  A trapdoor spider zombie (D:8)
  2 hungry ghosts (D:9)
  A steam dragon (D:9)
  2 ice beasts
  An orc warrior (D:6)
  2 ogres
  A phantom (D:8)
  A black bear (D:9)
  2 sky beasts
  2 centaurs
  A brain worm (D:8)
  3 giant frogs
  A crocodile (D:9)
  3 scorpions
  3 crimson imps
  2 giant frog zombies (D:5)
  4 orc priests
  A centaur skeleton (D:4)
  2 hounds
  A gnoll shaman (D:7)
  Ijyb (D:2)
  4 iguanas
  4 jellies
  10 orc wizards
  3 giant frog skeletons
  7 worker ants
  Terence (D:2)
  A hound skeleton (D:9)
  A worker ant zombie (D:7)
  9 gnolls (D:8)
  10 adders
  2 shadow imps (D:8)
  3 oozes
  2 adder zombies (D:5)
  An adder skeleton (D:7)
  6 worms
  5 giant geckos
  29 orcs
  3 ball pythons
  13 bats
  6 giant cockroaches
  5 goblins
  18 hobgoblins
  10 jackals
  12 kobolds
  8 quokkas
  7 giant newts
  A quokka zombie (D:9)
  16 rats
  2 butterflies (D:7)
236 creatures vanquished.

Vanquished Creatures (collateral kills)
  A worker ant (D:6)
  A shadow imp (D:5)
  A worm (D:5)
  2 orcs
  A bat (D:1)
  A hobgoblin (D:6)
7 creatures vanquished.

Vanquished Creatures (others)
  2 plants (D:8)
2 creatures vanquished.

Grand Total: 245 creatures vanquished
